 Dungeon Sprint DCSS version 0.22.1-1-ga44c0e56f4 (webtiles) character file.

607 Freyura the Carver (level 7, -4/60 HPs)
             Began as a Vampire Berserker on Sept 24, 2018.
             Was a Believer of Trog.
             Slain by Sonja
             ... wielding a +1 short sword of distortion
              (6 damage)
             ... in the Dungeon (Sprint I: "Red Sonja") on Sept 25, 2018.
             The game lasted 00:07:10 (924 turns).

Freyura the Carver (Vampire Berserker)               Turns: 924, Time: 00:07:11

Health: -4/60      AC:  6    Str: 16    XL:     7   Next: 19%
Magic:  7/7        EV: 16    Int: 10    God:    Trog [**....]
Gold:   365        SH:  0    Dex: 15    Spells: 6/6 levels left

rFire    . . .     SeeInvis +   a - +0 falchion
rCold    + + +     Gourm    .   (no shield)
rNeg     + + +     Faith    .   j - +0 ring mail
rPois    ∞         Spirit   .   (no helmet)
rElec    .         Reflect  .   (no cloak)
rCorr    .         Harm     .   (no gloves)
MR       .....     NoTele   +   (no boots)
Stlth    +++.......             (no amulet)
HPRegen  0.00/turn              k - ring of protection from cold
MPRegen  0.10/turn              (no ring)

@: bloodless, non-regenerating, hasted, very quick
A: fangs 3, see invisible, unbreathing
a: Bat Form, Berserk, Trog's Hand, Renounce Religion


You were in the Dungeon.
You worshipped Trog.
Trog was pleased with you.
You were bloodless.

You visited 1 branch You collected 405 gold pieces.
You spent 40 gold pieces at shops.

Inventory:

Hand Weapons
 a - a +0 falchion (weapon)
Armour
 b - a +0 animal skin
 j - a +0 ring mail (worn)
Jewellery
 k - a ring of protection from cold (left hand)
Scrolls
 i - a scroll of blinking
Potions
 c - 3 potions of blood
 d - a potion of curing
 g - 2 potions of magic
 h - a potion of berserk rage
 m - 2 potions of invisibility


   Skills:
 + Level 7.0 Fighting
 * Level 10.3 Long Blades
 + Level 6.0 Armour
 + Level 8.0 Dodging


You had 6 spell levels left.
You didn't know any spells.
Your spell library was empty.

Dungeon Overview and Level Annotations

Branches:
Dungeon (1/1)

Altars:
Cheibriados
Dithmenos
Elyvilon
Fedhas
Gozag
Hepliaklqana
Kikubaaqudgha
Makhleb
Nemelex Xobeh
Okawaru
Qazlal
Ru
Sif Muna
Trog
Uskayaw
Vehumet
Wu Jian
Xom
Yredelemnul
Zin
The Shining One
Jiyva
Lugonu

Shops:
D ?

Annotations:
D Sonja


Innate Abilities, Weirdness & Mutations

You do not heal naturally.
You are immune to poison.
You have razor-sharp teeth.
You have supernaturally acute eyesight. (SInv)
You can survive without breathing.


Message History

You miss Sonja. You bite Sonja, but do no damage.
Sonja is heavily wounded.
Sonja barely misses you. Sonja hits you but does no damage.
Sonja hits you with an uncursed short sword of distortion.
* * * LOW HITPOINT WARNING * * *
Space bends around you.
* * * LOW HITPOINT WARNING * * *
You hit Sonja.
Sonja is severely wounded.
Sonja says, "I'm academy-trained, you know."
Sonja closely misses you. x2
Sonja hits you with an uncursed short sword of distortion.
* * * LOW HITPOINT WARNING * * *
Space bends around you.
* * * LOW HITPOINT WARNING * * *
You feel yourself speed up.
Sonja hits you with an uncursed short sword of distortion.
* * * LOW HITPOINT WARNING * * *
Space warps horribly around you!
You die...

#..#####'#####'#__####,,,+,,*
#.÷####..#...#.####,,*****,,+
#..#__####..##.#≈≈≈,,*,,**+**
#..#_____##'#_.+≈≈≈,,+,,*,,,,
#⌠⌠#_.∩...'.(._#≈≈≈,,*,,*,,,,
####_..__##_.#'#*+*****+***,,
*,,#_____###'#.#,,,,***,+,*,,
***#########(###*+***,***,*,,
*∩,,,,,,,,+$@$+,,,,,+,∩**,*,,
***++++***#$K$#**********,**+
*,,,,,,,**##.##*,,,,,,,**,**,
*,,,,,,,,*,#+#,*,,,,,,,,+,***
*,,*,,,,,*,,,,,*+++******,*,,
*,,,,,,,,*,,,,,*,,,,,,,,*,***
*,,,,,*,,*******,,,,,,,*+,*,,
*,,,,,,,,**,,,,,,,,,,,≈****,,
*,,*,,,,,**,,,,,,,,,,≈≈**,,,,


You could see Sonja.

Vanquished Creatures
  A slime creature (D)
  Sigmund (D)
  A yak (D)
  An ogre (D)
  A jelly (D)
  Ijyb (D)
6 creatures vanquished.

Vanquished Creatures (others)
  A hornet (D)
1 creature vanquished.

Grand Total: 7 creatures vanquished

Notes
Turn   | Place    | Note
-------+----------+-------------------------------------------
     0 | D        | Freyura the Vampire Berserker began the quest for the Orb.
     0 | D        | Reached XP level 1. HP: 17/17 MP: 1/1
     2 | D        | Noticed Ijyb
    48 | D        | Killed Ijyb
    48 | D        | Reached skill level 4 in Long Blades
    48 | D        | Reached XP level 2. HP: 4/24 MP: 2/2
   296 | D        | Noticed an ogre
   302 | D        | Killed an ogre
   302 | D        | Reached skill level 6 in Long Blades
   302 | D        | Reached XP level 3. HP: 24/31 MP: 3/3
   302 | D        | Reached XP level 4. HP: 30/38 MP: 4/4
   440 | D        | Noticed Sigmund
   444 | D        | Killed Sigmund
   444 | D        | Reached ** piety under Trog
   444 | D        | Reached skill level 5 in Fighting
   444 | D        | Reached skill level 8 in Long Blades
   444 | D        | Reached XP level 5. HP: 46/46 MP: 5/5
   476 | D        | Found a burning altar of Makhleb.
   476 | D        | Found a viscous altar of Jiyva.
   476 | D        | Found a shimmering altar of Xom.
   476 | D        | Found a corrupted altar of Lugonu.
   476 | D        | Noticed a slime creature
   480 | D        | Killed a slime creature
   480 | D        | Reached skill level 9 in Long Blades
   480 | D        | Reached skill level 5 in Armour
   480 | D        | Reached XP level 6. HP: 53/53 MP: 6/6
   521 | D        | Found an ornate altar of the Wu Jian Council.
   521 | D        | Found a deep blue altar of Sif Muna.
   523 | D        | Found a radiant altar of Vehumet.
   555 | D        | Found Yntoonux's Magic Scroll Emporium.
   555 | D        | Found an ancient bone altar of Kikubaaqudgha.
   555 | D        | Found a hazy altar of Hepliaklqana.
   555 | D        | Found a stormy altar of Qazlal.
   555 | D        | Found a hide-covered altar of Uskayaw.
   555 | D        | Found a blossoming altar of Fedhas.
   555 | D        | Found a bloodstained altar of Trog.
   555 | D        | Found an iron altar of Okawaru.
   555 | D        | Found a basalt altar of Yredelemnul.
   555 | D        | Found a glowing golden altar of the Shining One.
   555 | D        | Found a snail-covered altar of Cheibriados.
   555 | D        | Found a sacrificial altar of Ru.
   555 | D        | Found a glowing silver altar of Zin.
   555 | D        | Found a shadowy altar of Dithmenos.
   555 | D        | Found a white marble altar of Elyvilon.
   555 | D        | Noticed a yak
   570 | D        | Killed a yak
   570 | D        | Reached skill level 10 in Long Blades
   570 | D        | Reached XP level 7. HP: 46/60 MP: 7/7
   571 | D        | Found an opulent altar of Gozag.
   574 | D        | Found a sparkling altar of Nemelex Xobeh.
   602 | D        | Bought a scroll of identify for 20 gold pieces
   602 | D        | Bought a scroll of identify for 20 gold pieces
   899 | D        | Killed a hornet
   911 | D        | Noticed Sonja
   924 | D        | HP: 2/60 [Sonja/uncursed short sword of distortion (2)]
   924 | D        | Slain by Sonja

Skill      XL: |  1  2  3  4  5  6 |
---------------+-------------------+-----
Fighting       | 3 4 5 6 7 |  7.0
Long Blades    | 4 6 8 9 10 | 10.3
Armour         | 2 3 4 5 6 |  6.0
Dodging        | 3 4 6 7 8 |  8.0

Action                   |  1- 3 |  4- 6 |  7- 9 || total
-------------------------+-------+-------+-------++-------
Melee: Falchion          |    16 |    22 |     8 ||    46
       Unarmed           |     4 |       |       ||     4
       Bite              |     4 |     4 |     1 ||     9
Invok: Berserk           |     1 |     2 |       ||     3
       Trog's Hand       |       |     1 |       ||     1
  Use: Scroll            |       |       |     3 ||     3
       Potion            |       |       |     2 ||     2
 Stab: Sleeping          |     1 |     1 |       ||     2
Armor: Animal skin       |     3 |       |       ||     3
       Ring mail         |       |     2 |     8 ||    10
Dodge: Dodged            |     6 |     9 |    21 ||    36
       Rpst.: Falchion   |       |     5 |     2 ||     7
